 Dungeon Crawl Stone Soup version 0.23.2-33-g5129a83184 (webtiles) character file.

Game seed: 7416309935090099329

3581 Electrofox the Thaumaturge (level 10, -20/50 HPs)
             Began as a Gargoyle Earth Elementalist on July 20, 2019.
             Was a Believer of Vehumet.
             Demolished by an orc knight
             ... wielding a +0 trident
              (29 damage)
             ... in a bailey.
             The game lasted 01:14:04 (8973 turns).

Electrofox the Thaumaturge (GrEE)                   Turns: 8973, Time: 01:14:04

Health: -20/50     AC: 11    Str: 13    XL:     10   Next: 10%
Magic:  7/24       EV: 12    Int: 18    God:    Vehumet [**....]
Gold:   432        SH:  0    Dex: 10    Spells: 22/29 levels left

rFire    . . .     SeeInvis .   F - staff of earth
rCold    . . .     Gourm    .   (no shield)
rNeg     + + .     Faith    .   c - +0 robe
rPois    ∞         Spirit   .   (no helmet)
rElec    +         Reflect  .   (no cloak)
rCorr    .         Harm     .   y - +1 pair of gloves
MR       .....                  (no boots)
Stlth    ++........             (no amulet)
HPRegen  0.16/turn              E - ring of positive energy
MPRegen  0.19/turn              (no ring)

@: no status effects
A: negative energy resistance 1, electricity resistance, unbreathing,
petrification resistance, rot immunity, AC +7
a: Renounce Religion


You were in a bailey.
You worshipped Vehumet.
Vehumet was pleased with you.
You were not hungry.

You visited 2 branches of the dungeon, and saw 10 of its levels.
You also visited: Bailey.

You collected 432 gold pieces.

Inventory:

Hand Weapons
 a - a +1 dagger of venom
Missiles
 h - 98 stones (quivered)
Armour
 c - a +0 robe (worn)
 k - a +3 scale mail
 y - a +1 pair of gloves (worn)
Magical Staves
 F - an uncursed staff of earth (weapon)
Jewellery
 E - a ring of positive energy (left hand)
Wands
 r - a wand of iceblast (20)
 z - a wand of paralysis (14)
 A - a wand of polymorph (6)
 C - a wand of acid (9)
Scrolls
 f - 2 scrolls of amnesia
 g - 5 scrolls of remove curse
 j - 2 scrolls of blinking {unknown}
 l - a scroll of enchant armour
 m - 3 scrolls of teleportation
 n - 2 scrolls of immolation {unknown}
 q - a scroll of enchant weapon {unknown}
 v - a scroll of fog {unknown}
 x - 2 scrolls of fear {unknown}
 B - 2 scrolls of magic mapping
 D - a scroll of random uselessness {unknown}
 H - a scroll of holy word {unknown}
 I - a scroll of identify
Potions
 b - a potion of invisibility {unknown}
 e - a potion of ambrosia {unknown}
 i - 3 potions of mutation
 o - a potion of berserk rage {unknown}
 p - 3 potions of curing
 s - 3 potions of haste
 t - a potion of cancellation {unknown}
 u - 4 potions of agility
 w - a potion of brilliance
Comestibles
 d - 13 rations
 G - 10 chunks of flesh


   Skills:
 + Level 5.6 Armour
 - Level 1.5 Dodging
 - Level 2.1 Stealth
 - Level 10.0 Spellcasting
 - Level 4.2 Conjurations
 - Level 2.1 Hexes
   Level 0.7 Transmutations
 - Level 8.0 Earth Magic


You had 22 spell levels left.
You knew the following spells:

 Your Spells              Type           Power        Failure   Level  Hunger
a - Sandblast             Erth           ######       1%          1    None
b - Stone Arrow           Conj/Erth      #####.       1%          3    None
c - Shock                 Conj/Air       ###.         3%          1    None
d - Flame Tongue          Conj/Fire      ###..        3%          1    None
e - Confusing Touch       Hex            ###...       3%          1    None

Your spell library contained the following spells:

 Spells                   Type           Power        Failure   Level  Hunger
 Passwall                 Tmut/Erth      #####...     1%          2    None
 Corona                   Hex            ###....      3%          1    None
 Dazzling Spray           Conj/Hex       ###...       7%          3    None
 Apportation              Tloc           #.....       8%          1    None
 Infusion                 Chrm           #...         8%          1    None
 Summon Butterflies       Summ           #.......     8%          1    None
 Ensorcelled Hibernation  Hex/Ice        ##....       8%          2    None
 Lee's Rapid Deconstruct  Erth           ######....   9%          5    #####..
 Confuse                  Hex            ###.....     10%         3    None
 Tukima's Dance           Hex            ###.....     10%         3    None
 Shroud of Golubria       Chrm/Tloc      #.........   12%         2    None
 Song of Slaying          Chrm           #.......     12%         2    None
 Petrify                  Tmut/Erth      #####...     13%         4    ###....
 Spectral Weapon          Hex/Chrm       ##......     16%         3    None
 Gell's Gravitas          Tloc           #.........   24%         3    None
 Lesser Beckoning         Tloc           #.........   24%         3    None
 Regeneration             Chrm/Necr      #.........   24%         3    None
 Yara's Violent Unravell  Hex/Tmut       ##........   77%         5    #####..
 Metabolic Englaciation   Hex/Ice        ##........   82%         5    #####..
 Alistair's Intoxication  Tmut/Pois      ##......     88%         5    #####..
 Invisibility             Hex            ###.....     99%         6    ######.


Dungeon Overview and Level Annotations

Branches:
Dungeon (9/15)             Temple (1/1) D:5
   Lair: D:8-11         Orc: D:9-12

Altars:
Ashenzari
Cheibriados
Dithmenos
Elyvilon
Fedhas
Gozag
Kikubaaqudgha
Nemelex Xobeh
Okawaru
Qazlal
Ru
Sif Muna
Trog
Uskayaw
Vehumet
Wu Jian
Xom
Yredelemnul
Zin
The Shining One

Annotations:
D:6 exclusions: giant cockroach and orc warrior


Innate Abilities, Weirdness & Mutations

You are resistant to torment.
Your stone body is resilient. (AC +7)
You are immune to poison.
You resist negative energy. (rN+)
You are resistant to electric shocks. (rElec)
You can survive without breathing.
You are immune to petrification.
You are immune to rotting.


Message History

You feel a surge of power!
The stone arrow hits the orc knight!
The orc knight is heavily wounded.
The orc knight hits you from afar with a +0 glaive.
The orc knight hits you from afar with a +0 trident.
Casting: Stone Arrow (safe; 1% risk of failure)
Confirm with . or Enter, or press ? or * to list all spells.
Aiming: Stone Arrow (safe; 1% risk of failure)
Press: ? - help, Shift-Dir - straight line, f/p - orc knight
Aim: an orc knight, wielding a +0 trident and wearing a +0 chain mail (heavily wounded)
You feel a surge of power!
The stone arrow hits the orc knight!
The orc knight is heavily wounded.
The orc knight roars a battlecry!
The orc knight goes into a battle-frenzy!
The orc knight hits you from afar with a +0 trident!
The orc knight hits you from afar with a +0 glaive!!
Ouch! That really hurt!
* * * LOW HITPOINT WARNING * * *
The orc knight hits you from afar with a +0 trident!!
Ouch! That really hurt!
You die... ### ##@## #.((# #ooo#

.......
o≈.......≈o
≈o≈≈.......≈≈o≈
≈≈≈..#...#..≈≈≈
....##...##....
#### ##∩## ####


You could see 2 orc knights and an orc warrior.

Vanquished Creatures
  A hornet (D:6)
  A hippogriff (D:8)
  A wyvern (D:8)
  Eustachio (D:5)
  A water moccasin (D:8)
  2 black bears
  2 sky beasts
  An orc warrior (D:5)
  A centaur (D:8)
  2 phantoms
  2 ogres
  A big kobold (D:8)
  4 bullfrogs
  A scorpion (D:6)
  9 wights
  3 howler monkeys (D:7)
  A crimson imp (D:7)
  7 hounds
  A quasit (D:7)
  4 jellies
  A centaur skeleton (D:6)
  3 orc priests
  2 bullfrog skeletons
  2 iguanas
  4 orc wizards
  6 worker ants
  7 adders
  4 worms
  A dart slug (D:2)
  5 leopard geckos
  27 orcs
  3 ball pythons
  7 giant cockroaches
  5 hobgoblins
  3 jackals (D:8)
  16 kobolds
  6 quokkas
  5 bats
  6 frilled lizards
  11 goblins
  A jackal zombie (D:5)
  2 leopard gecko zombies
  A quokka skeleton (D:7)
  A quokka zombie (D:7)
  7 rats
182 creatures vanquished.

Notes
Turn   | Place    | Note
-------+----------+-------------------------------------------
     0 | D:1      | Electrofox the Gargoyle Earth Elementalist began the quest
                  | for the Orb.
     0 | D:1      | Reached XP level 1. HP: 10/10 MP: 3/3
   157 | D:1      | Reached XP level 2. HP: 15/15 MP: 5/5
   688 | D:1      | Reached XP level 3. HP: 19/19 MP: 7/7
   884 | D:2      | Reached skill level 3 in Spellcasting
  1036 | D:2      | You fall through a shaft for 2 floors!
  1172 | D:4      | Reached XP level 4. HP: 17/24 MP: 9/9
  1175 | D:4      | Noticed a phantom
  1434 | D:3      | Found a sparkling altar of Nemelex Xobeh.
  1511 | D:2      | Learned a level 3 spell: Stone Arrow
  2083 | D:2      | Reached skill level 4 in Spellcasting
  2083 | D:2      | Reached XP level 5. HP: 28/28 MP: 3/11
  3635 | D:4      | Killed a phantom
  3635 | D:4      | Reached skill level 5 in Earth Magic
  3635 | D:4      | Reached XP level 6. HP: 27/32 MP: 7/13
  3784 | D:4      | Found a stormy altar of Qazlal.
  3926 | D:4      | Reached skill level 5 in Spellcasting
  4162 | D:5      | Entered Level 5 of the Dungeon
  4188 | D:5      | Reached skill level 1 in Conjurations
  4349 | D:5      | Found a staircase to the Ecumenical Temple.
  4361 | Temple   | Entered the Ecumenical Temple
  4574 | Temple   | Became a worshipper of Vehumet
  4628 | D:5      | Reached XP level 7. HP: 24/36 MP: 7/15
  4761 | D:5      | Noticed Eustachio
  4774 | D:5      | Killed Eustachio
  4795 | D:5      | Found a shimmering altar of Xom.
  4795 | D:5      | Found a shimmering altar of Xom.
  4795 | D:5      | Found a shimmering altar of Xom.
  4852 | D:5      | Found a shimmering altar of Xom.
  5174 | D:6      | Reached skill level 6 in Spellcasting
  5202 | D:6      | Reached XP level 8. HP: 41/41 MP: 10/17
  5204 | D:6      | Found a blossoming altar of Fedhas.
  5260 | D:6      | Noticed a hornet
  5272 | D:6      | Killed a hornet
  5652 | D:6      | Reached skill level 7 in Spellcasting
  6402 | D:6      | Found a sacrificial altar of Ru.
  6405 | D:6      | Found a basalt altar of Yredelemnul.
  6409 | D:6      | Found a white marble altar of Elyvilon.
  6624 | D:7      | Reached skill level 8 in Spellcasting
  6643 | D:7      | Got an ancient hand axe
  6646 | D:7      | Identified the +6 hand axe of the Distant Future {distort,
                  | rN+} (You found it on level 7 of the Dungeon)
  6694 | D:7      | Reached XP level 9. HP: 45/45 MP: 18/21
  6724 | D:7      | Reached * piety under Vehumet
  6724 | D:7      | Offered knowledge of Shock by Vehumet.
  6760 | D:6      | Learned a level 1 spell: Shock
  7000 | D:7      | Found an iron altar of Okawaru.
  7086 | D:7      | Reached skill level 9 in Spellcasting
  7827 | D:8      | Reached ** piety under Vehumet
  7827 | D:8      | Offered knowledge of Flame Tongue by Vehumet.
  7831 | D:8      | Reached skill level 10 in Spellcasting
  7842 | D:8      | Reached skill level 1 in Armour
  7929 | D:8      | Learned a level 1 spell: Flame Tongue
  7931 | D:8      | Learned a level 1 spell: Confusing Touch
  8149 | D:8      | Reached skill level 1 in Hexes
  8367 | D:8      | Reached XP level 10. HP: 5/50 MP: 9/24
  8760 | D:8      | Reached skill level 5 in Armour
  8920 | D:9      | Found a blossoming altar of Fedhas.
  8944 | D:9      | Found a flagged portal.
  8961 | Bailey   | Entered a bailey
  8961 | Bailey   | Noticed an orc knight
  8961 | Bailey   | Noticed an orc knight
  8965 | Bailey   | Noticed an orc knight
  8973 | Bailey   | Demolished by an orc knight

Skill      XL: |  1  2  3  4  5  6  7  8  9 10 |
---------------+-------------------------------+-----
Earth Magic    | 4 5 7 8 |  8.0
Spellcasting   | 3 4 5 6 8 10 | 10.0
Conjurations   | 3 4 |  4.2
Armour         | 4 5 |  5.6
Hexes          | 2 |  2.1
Dodging        | |  1.5
Stealth        | |  2.1
Transmutations | |  0.7

Action                   |  1- 3 |  4- 6 |  7- 9 | 10-12 || total
-------------------------+-------+-------+-------+-------++-------
Melee: Dagger            |    60 |   111 |    63 |       ||   234
       Staff             |       |       |    28 |       ||    28
Throw: Stone             |     1 |     2 |       |       ||     3
 Cast: Sandblast         |     8 |    41 |    79 |     9 ||   137
       Stone Arrow       |       |     1 |    63 |     9 ||    73
       Shock             |       |       |    12 |     5 ||    17
       Confusing Touch   |       |       |     2 |       ||     2
  Use: Scroll            |       |     2 |    10 |     2 ||    14
 Stab: Sleeping          |     3 |     6 |     2 |       ||    11
  Eat: Chunk             |     1 |     7 |    12 |     2 ||    22
       Ration            |       |     1 |       |       ||     1
Armor: Robe              |    13 |    30 |    38 |       ||    81
       Scale mail        |       |       |    20 |       ||    20
Dodge: Dodged            |    34 |    60 |    58 |     2 ||   154
